 Dungeon Crawl Stone Soup version 0.27.1 (webtiles) character file.

Game seed: 6553668840707872247

2903 bnorton916 the Jinx (level 9, -10/45 HPs)
             Began as a Deep Elf Conjurer on Aug 28, 2021.
             Was an Initiate of Vehumet.
             Shot with an arrow by a centaur (14 damage)
             ... on level 7 of the Dungeon.
             The game lasted 00:10:47 (8662 turns).

bnorton916 the Jinx (Deep Elf Conjurer)             Turns: 8662, Time: 00:10:48

Health: -10/45     AC:  4    Str:  4    XL:     9   Next: 49%
Magic:  22/29      EV: 12    Int: 27    God:    Vehumet [......]
Gold:   688        SH:  0    Dex: 13    Spells: 9/20 levels left

rFire    . . .     SeeInvis +   d - +2 short sword (flame)
rCold    + . .     Faith    .   (no shield)
rNeg     . . .     Spirit   .   u - +1 robe {rC+}
rPois    .         Reflect  .   (no helmet)
rElec    .         Harm     .   l - +0 cloak
rCorr    .         Rampage  .   (no gloves)
Will     .....                  (no boots)
Stlth    ++........             (no amulet)
HPRegen  0.15/turn              g - ring of see invisible
MPRegen  0.21/turn              p - ring of magical power

@: very slightly contaminated
A: no striking features
a: Renounce Religion


You were on level 7 of the Dungeon.
You worshipped Vehumet.
Vehumet was noncommittal.
You visited 2 branches of the dungeon, and saw 8 of its levels.

You collected 688 gold pieces.

Inventory:

Hand Weapons
 b - a +0 dagger
 d - a +2 short sword of flaming (weapon)
 n - a +0 dagger of electrocution
Armour
 l - a +0 cloak (worn)
 u - a +1 robe of cold resistance (worn)
Magical Staves
 h - a staff of cold
Jewellery
 g - a ring of see invisible (left hand)
 p - a ring of magical power (right hand)
 r - a ring of flight
 v - a +4 ring of protection
Wands
 o - a wand of iceblast (6)
 w - a wand of paralysis (3)
Scrolls
 f - 4 scrolls of identify {unknown}
 i - a scroll of blinking {unknown}
 j - 3 scrolls of teleportation {unknown}
 m - a scroll of enchant armour {unknown}
 t - a scroll of magic mapping {unknown}
 y - a scroll of enchant weapon {unknown}
Potions
 a - a potion of mutation {unknown}
 c - a potion of curing {unknown}
 e - a potion of brilliance {unknown}
 k - a potion of flight {unknown}
 q - a potion of berserk rage {unknown}
 s - 2 potions of heal wounds
 x - a potion of lignification {unknown}
 z - a potion of might {unknown}


   Skills:
 + Level 0.0 Armour
 + Level 2.4 Dodging
 - Level 2.4 Stealth
 - Level 6.3 Spellcasting
 - Level 6.4 Conjurations
 - Level 10.6 Hexes
 - Level 9.0 Translocations


You had 9 spell levels left.
You knew the following spells:

 Your Spells              Type           Power      Damage    Failure   Level
a - Magic Dart            Conj           100%       1d8       1%          1
b - Searing Ray           Conj           86%        3d6       1%          2
c - Fulminant Prism       Conj/Hex       26%        3d14      1%          4
d - Iskenderun's Mystic   Conj/Tloc      50%        2d11      2%          4

Your spell library contained the following spells:

 Spells                   Type           Power      Damage    Failure   Level
 Dazzling Flash           Conj/Hex       100%       N/A       1%          3
 Gell's Gravitas          Tloc           27%        N/A       1%          3
 Lesser Beckoning         Tloc           27%        N/A       1%          3
 Teleport Other           Tloc           55%        N/A       1%          3
 Passwall                 Tmut/Erth      6%         N/A       10%         2
 Invisibility             Hex            30%        N/A       12%         6
 Swiftness                Air            8%         N/A       19%         3


Dungeon Overview and Level Annotations

Branches:
Dungeon (7/15)             Temple (1/1) D:5

Altars:
Ashenzari
Cheibriados
Dithmenos
Elyvilon
Fedhas
Gozag
Hepliaklqana
Makhleb
Nemelex Xobeh
Okawaru
Qazlal
Ru
Sif Muna
Trog
Uskayaw
Vehumet
Wu Jian
Xom
Yredelemnul
Zin
The Shining One

Annotations:
D:3 2 transporters


Message History

There is a shaft here.
z - a white potion
Found a stone staircase leading up.
A centaur comes into view.
Found a hand axe.
A centaur is nearby!
Casting: Searing Ray (safe; 1% risk of failure)
Confirm with . or Enter, or press ? or * to list all spells.
Aiming: Magic Dart (safe; 1% risk of failure)
Press: ? - help, Shift-Dir - straight line, f - centaur
Aim: a centaur, quivering arrows (asleep, 100% to hit)
The magic dart hits the centaur but does no damage.
The centaur shouts!
The centaur wields a +0 shortbow.
The centaur shoots an arrow.
The arrow hits you!
The centaur shoots an arrow.
The arrow hits you!
Casting: Magic Dart (safe; 1% risk of failure)
Confirm with . or Enter, or press ? or * to list all spells.
Aiming: Fulminant Prism (dangerous; 1% risk of failure)
Press: ? - help, Dir - move target You miscast Fulminant Prism.
You are very lightly contaminated with residual magic.
Nothing appears to happen.
The centaur shoots an arrow.
The arrow hits you!
* * * LOW HITPOINT WARNING * * *
Casting: Fulminant Prism (dangerous; 1% risk of failure)
Confirm with . or Enter, or press ? or * to list all spells.
Aiming: Searing Ray (safe; 1% risk of failure)
Press: ? - help, Shift-Dir - straight line, f - centaur
Aim: a centaur, wielding a +0 shortbow and quivering arrows (89% to hit)
The searing ray hits the centaur.
The centaur is lightly wounded. (Press . to maintain the ray.) Unknown command.
The searing ray hits the centaur!
The centaur is heavily wounded.
The centaur shoots an arrow.
The arrow hits you!
* * * LOW HITPOINT WARNING * * *
The centaur shoots an arrow.
The arrow hits you!
You die...

.# # ..### #.
..... ... #...)
....######..#
...........#
<........c#
..#####...#
##.@#########.
#............
###............
##..............
.##
.............###
...###
..........#####
#....#
..........##
##....#
...........##
#....
.......##...###
##..#


You could see a centaur.

Vanquished Creatures
  Pikel (D:5)
  Sigmund (D:4)
  Eustachio (D:5)
  Menkaure (D:5)
  A water moccasin (D:6)
  An ice beast (D:5)
  Duvessa (D:5)
  A black bear (D:4)
  A sky beast (D:6)
  An ogre (D:5)
  3 scorpions
  Dowan (D:5)
  4 wights (D:5)
  2 howler monkeys (D:6)
  A bullfrog zombie (D:5)
  4 hounds
  Crazy Yiuf (D:2)
  2 jellies (D:4)
  A gnoll shaman (D:4)
  An orc priest (D:4)
  A centaur skeleton (D:5)
  A scorpion zombie (D:5)
  2 iguanas (D:4)
  Terence (D:3)
  Jessica (D:3)
  Ijyb (D:3)
  Natasha (thrice) (D:2)
  4 orc wizards (D:5)
  3 hound skeletons
  A howler monkey zombie (D:6)
  9 gnolls
  10 adders
  An ufetubus (D:5)
  3 adder skeletons
  A worm (D:2)
  4 dart slugs
  9 orcs
  8 ball pythons
  7 bats
  8 endoplasms
  6 giant cockroaches
  12 goblins
  8 hobgoblins
  9 quokkas
  4 frilled lizards
  10 kobolds
  4 rats
161 creatures vanquished.

Vanquished Creatures (others)
  7 fulminant prisms
7 creatures vanquished.

Grand Total: 168 creatures vanquished

Notes
Turn   | Place    | Note
-------+----------+-------------------------------------------
     0 | D:1      | bnorton916 the Deep Elf Conjurer began the quest for the
                  | Orb.
     0 | D:1      | Reached XP level 1. HP: 10/10 MP: 6/6
   179 | D:1      | Reached XP level 2. HP: 15/15 MP: 5/8
   248 | D:1      | Learned a level 2 spell: Searing Ray
   536 | D:1      | Reached skill level 5 in Conjurations
   536 | D:1      | Reached XP level 3. HP: 19/19 MP: 8/10
  1080 | D:1      | Found a faded altar of an unknown god.
  1289 | D:2      | Noticed Natasha
  1293 | D:2      | Killed Natasha
  1294 | D:2      | Reached XP level 4. HP: 24/24 MP: 5/12
  1495 | D:2      | Reached skill level 5 in Spellcasting
  1646 | D:2      | Found a runed translucent door.
  1647 | D:2      | Noticed Crazy Yiuf
  2322 | D:2      | Noticed Natasha
  2326 | D:2      | Killed Natasha
  2327 | D:2      | Reached XP level 5. HP: 28/28 MP: 11/15
  2508 | D:2      | Noticed Natasha
  2514 | D:2      | Killed Natasha
  2714 | D:2      | Killed Crazy Yiuf
  2891 | D:3      | Noticed Jessica
  2893 | D:3      | Killed Jessica
  3004 | D:3      | Found a transporter.
  3014 | D:3      | Found a transporter.
  3189 | D:3      | Noticed Ijyb
  3189 | D:3      | Found a shimmering altar of Xom.
  3194 | D:3      | Killed Ijyb
  3195 | D:3      | Reached XP level 6. HP: 28/32 MP: 9/17
  3200 | D:3      | Learned a level 4 spell: Fulminant Prism
  3205 | D:3      | Learned a level 4 spell: Iskenderun's Mystic Blast
  3596 | D:3      | Noticed Terence
  3602 | D:3      | Killed Terence
  3603 | D:3      | Reached skill level 1 in Hexes
  3911 | D:4      | Reached skill level 1 in Translocations
  4054 | D:4      | Reached skill level 2 in Hexes
  4411 | D:4      | Reached skill level 3 in Hexes
  4598 | D:4      | Reached XP level 7. HP: 17/36 MP: 17/18
  4649 | D:4      | Reached skill level 4 in Hexes
  5085 | D:4      | Reached skill level 5 in Hexes
  5411 | D:4      | Noticed Sigmund
  5415 | D:4      | Killed Sigmund
  5416 | D:4      | Reached skill level 6 in Hexes
  5416 | D:4      | Reached skill level 5 in Translocations
  5416 | D:4      | Reached XP level 8. HP: 41/41 MP: 19/19
  5532 | D:5      | Entered Level 5 of the Dungeon
  5536 | D:5      | Noticed Eustachio
  5553 | D:5      | Killed Eustachio
  5681 | D:5      | Reached skill level 7 in Hexes
  5753 | D:5      | Found a staircase to the Ecumenical Temple.
  5774 | D:5      | Noticed Menkaure
  5789 | D:6      | Reached skill level 8 in Hexes
  6203 | D:5      | Killed Menkaure
  6413 | Temple   | Entered the Ecumenical Temple
  6518 | Temple   | Became a worshipper of Vehumet
  6865 | D:5      | Reached skill level 9 in Hexes
  7135 | D:5      | Noticed Dowan
  7136 | D:5      | Noticed Duvessa
  7141 | D:5      | Killed Dowan
  7149 | D:5      | Killed Duvessa
  7150 | D:5      | Reached XP level 9. HP: 28/45 MP: 18/20
  7423 | D:5      | Noticed Pikel
  7428 | D:5      | Killed Pikel
  7429 | D:5      | Reached skill level 10 in Hexes
  8662 | D:7      | Shot with an arrow by a centaur

Illustrated notes

Levels and vault maps discovered:
D:1:      lightli_molten_gateway, layout_basic,
          shapermc_ecumenical_altar_mp_vishouse
D:2:      minmay_diamond_boxcup, layout_basic, minmay_misc_feat_columns,
          uniq_natasha, uniq_crazy_yiuf_cottage
D:3:      gammafunk_wand_slinger, layout_basic, mainiacjoe_overflow_paths,
          hex_medium, minmay_misc_feat_ornament, uniq_terence, uniq_ijyb,
          uniq_jessica
D:4:      minmay_polygon_palace, layout_basic, minmay_between, uniq_sigmund
D:5:      layout_loops_corners, minmay_temple_entry_purple_smoke,
          minmay_a_box_with_orc_wizards_in_it, uniq_pikel, uniq_duvessa,
          uniq_eustachio, uniq_menkaure
D:6:      layout_basic
D:7:      layout_layer_cave, dk_noncrumbling_4, roderic_serpentine_path,
          minmay_holes, minmay_hollow_rounded_squares, uniq_maggie
Temple:   regret_index_temple_chain_breaker

Skill      XL: |  1  2  3  4  5  6  7  8  9 |
---------------+----------------------------+-----
Spellcasting   | 4 5 6 |  6.3
Conjurations   | 5 6 |  6.4
Hexes          | 3 6 9 10 | 10.6
Translocations | 3 5 7 9 |  9.0
Dodging        | |  2.4
Stealth        | |  2.4

Action                   |  1- 3 |  4- 6 |  7- 9 || total
-------------------------+-------+-------+-------++-------
Melee: Short sword       |       |     1 |       ||     1
 Cast: Magic Dart        |    67 |   108 |   113 ||   288
       Searing Ray       |     1 |    15 |    32 ||    48
       Fulminant Prism   |       |       |     7 ||     7
Armor: Robe              |     1 |     4 |     9 ||    14
Dodge: Dodged            |     4 |    18 |    37 ||    59
